cohdb
Replays
Latest Replays
All Replays
Popular Replays
Top Player Replays
Match Explorer
How It Works
Community
CoH3 Stats
Reddit
Sign in to upload your games and track your stats! →
Sign in with Steam
Match 43111896
Unlisted
Match 43111896
Overview
Messages
Build Orders
End
Selects Terror Battlegroup
Selects Machine Gun Camouflage
Construct Infanterie Kompanie
MG 42 Machine Gun Team
Grenadier Squad
Grenadier Squad
GrW 34 Mortar Team
Construct Panzergrenadier Kompanie
Construct Luftwaffe Kompanie
Selects Interrogate
221 Scout Car
Jäger Squad
Jäger Squad
Support Elements
Medical Station
Wirbelwind Flakpanzer
Wirbelwind Flakpanzer
Wirbelwind Flakpanzer
Selects Propaganda Leaflet Drop
Propaganda Leaflet Drop
Supreme Girthquake
Beary bear
Calm
PhoneyMcRing
Onoyk
Lieutenant Guy
0
0
Comments
sign in to comment!
No comments posted yet!